 Dungeon Crawl Stone Soup version 0.24.0-1-gfbc8707122 (webtiles) character file.

Game seed: 3993979001087422463, levelgen mode: deterministic

31 Emblim88 the Shooter (level 3, -2/30 HPs)
             Began as a Centaur Hunter on Oct 27, 2019.
             Slain by a worker ant (7 damage)
             ... on level 2 of the Dungeon.
             The game lasted 00:01:09 (616 turns).

Emblim88 the Shooter (Centaur Hunter)                Turns: 616, Time: 00:01:10

Health: -2/30      AC:  5    Str: 14    XL:     3   Next: 7%
Magic:  3/3        EV:  8    Int: 10    God:
Gold:   81         SH:  0    Dex: 10    Spells: 2/2 levels left

rFire    + . .     SeeInvis .   b - +0 short sword
rCold    . . .     Gourm    .   (no shield)
rNeg     . . .     Faith    .   h - +0 ring mail {rF+}
rPois    .         Spirit   .   (no helmet)
rElec    .         Reflect  .   (no cloak)
rCorr    .         Harm     .   (no gloves)
MR       .....                  (no barding)
Stlth    ..........             (no amulet)
HPRegen  0.10/turn              (no ring)
MPRegen  0.08/turn              (no ring)

@: lethally poisoned (-2 -> -13), very quick
A: large, hooves 3, deformed body, speed 2, tough skin 3
a: no special abilities


You were on level 2 of the Dungeon.
You were not hungry.

You visited 1 branch of the dungeon, and saw 2 of its levels.

You collected 81 gold pieces.

Inventory:

Hand Weapons
 a - a +1 shortbow
 b - a +0 short sword (weapon)
Missiles
 d - 14 arrows
Armour
 c - a +0 leather armour
 h - a +0 ring mail of fire resistance (worn)
Scrolls
 e - a scroll of teleportation {unknown}
 g - 2 scrolls of identify {unknown}
 l - a scroll of fog {unknown}
Potions
 i - a potion of agility {unknown}
 j - a potion of invisibility {unknown}
 k - a potion of flight {unknown}
Comestibles
 f - 2 rations


   Skills:
 + Level 2.4 Fighting
 * Level 6.1 Bows
 + Level 1.7 Dodging
 - Level 0.4 Stealth


You had 2 spell levels left.
You didn't know any spells.
Your spell library was empty.

Dungeon Overview and Level Annotations

Branches:
Dungeon (2/15)

Altars:
Yredelemnul


Innate Abilities, Weirdness & Mutations

You have hooves in place of feet.
Armour fits poorly on your strangely shaped body.
You cover ground very quickly.
You have extremely tough skin. (AC +3)


Message History

The worker ant is heavily wounded.
The worker ant bites you.
* * * LOW HITPOINT WARNING * * *
You are lethally poisoned!
The worker ant poisons you! The worker ant closely misses you.
You hit the worker ant.
You kick the worker ant, but do no damage.
The worker ant is severely wounded.
* * * LOW HITPOINT WARNING * * *
You feel sick. The worker ant barely misses you.
You barely miss the worker ant.
The worker ant is severely wounded.
* * * LOW HITPOINT WARNING * * *
You feel sick. The worker ant closely misses you.
You hit the worker ant but do no damage.
Your kick misses the worker ant.
The worker ant is severely wounded.
* * * LOW HITPOINT WARNING * * *
You feel sick. The worker ant bites you!
You die...

.##.........#
...........#..
.............
#.......##..
#.........#
#.........#
#.........#
#..#.#..###
#.@#....##
.......a###...#
.......##
#...## .......
###..# #
....... ##.##
.# #......
#..####.##
###....
##.#.....##
#....
#<.......#
#.........


You could see a worker ant.

Vanquished Creatures
  2 dart slugs
  A leopard gecko (D:1)
  7 hobgoblins (D:1)
  3 kobolds (D:1)
  A ball python (D:1)
  5 bats (D:1)
  4 frilled lizards (D:1)
  4 rats
27 creatures vanquished.

Notes
Turn   | Place    | Note
-------+----------+-------------------------------------------
     0 | D:1      | Emblim88 the Centaur Hunter began the quest for the Orb.
     0 | D:1      | Reached XP level 1. HP: 17/17 MP: 1/1
    87 | D:1      | Reached XP level 2. HP: 24/24 MP: 2/2
   242 | D:1      | Found a basalt altar of Yredelemnul.
   393 | D:1      | Reached skill level 6 in Bows
   587 | D:2      | Reached XP level 3. HP: 30/30 MP: 3/3
   616 | D:2      | Slain by a worker ant

Levels and vault maps discovered:
D:1:      minmay_arrival_doors, layout_rooms, minmay_hexomino_r4
D:2:      layout_rooms, grunt_gozag_breadcrumbs

Skill      XL: |  1  2 |
---------------+-------+-----
Bows           | 6 |  6.1
Fighting       | |  2.4
Dodging        | |  1.7
Stealth        | |  0.4

Action                   || total
-------------------------++-------
Melee: Short sword       ||    35
       Kick              ||     6
 Fire: Shortbow          ||    50
Armor: Leather armour    ||     7
       Ring mail         ||    22
Dodge: Dodged            ||    21
